 Dungeon Crawl Stone Soup version 0.26-a0-50-gc4d14cd (webtiles) character file.

Game seed: 8357991686769735202

11729 Ayyar the Fighter (level 11, 0/133 HPs)
             Began as a Demonspawn Gladiator on June 4, 2020.
             Was an Elder of Makhleb.
             Shot with an arrow by Nessos (23 damage)
             ... on level 12 of the Dungeon.
             The game lasted 00:40:21 (10696 turns).

Ayyar the Fighter (Demonspawn Gladiator)           Turns: 10696, Time: 00:40:21

Health: 0/133      AC: 25    Str: 18    XL:     11   Next: 53%
Magic:  15/15      EV:  2    Int: 10    God:    Makhleb [****..]
Gold:   555        SH:  5    Dex: 14    Spells: 10/10 levels left

rFire    . . .     SeeInvis +   a - +0 war axe
rCold    . . .     Gourm    .   e - +0 buckler
rNeg     + + +     Faith    .   (armour currently unavailable)
rPois    +         Spirit   .   (helmet currently unavailable)
rElec    .         Reflect  .   (cloak currently unavailable)
rCorr    .         Harm     .   (gloves currently unavailable)
MR       .....     NoTele   +   (boots currently unavailable)
Stlth    +.........             (no amulet)
HPRegen  0.32/turn              C - ring of see invisible
MPRegen  0.14/turn              L - ring of poison resistance

@: lethally poisoned (0 -> -2), tree-form
A: powered by death 2
a: Minor Destruction, Lesser Servant of Makhleb, Major Destruction, Renounce
Religion


You were on level 12 of the Dungeon.
You worshipped Makhleb.
Makhleb was greatly pleased with you.
You were not hungry.
You were a tree.
You visited 1 branch of the dungeon, and saw 12 of its levels.

You collected 645 gold pieces.
You spent 90 gold pieces at shops.

Inventory:

Hand Weapons
 a - a +0 war axe (weapon)
Missiles
 d - 5 throwing nets
 u - 32 poisoned darts (quivered)
 w - 2 javelins
 x - 7 boomerangs of dispersal
 G - 3 curare-tipped darts
 O - 6 datura-tipped darts
Armour
 b - a +0 chain mail (melded)
 c - a +0 helmet (melded)
 e - a +0 buckler (worn)
 p - a +0 pair of boots (melded)
 y - a +0 cloak (melded)
 K - a +0 kite shield
Jewellery
 n - an uncursed ring of resist corrosion
 C - a ring of see invisible (left branch)
 L - a ring of poison resistance (right branch)
Wands
 H - a wand of flame (22)
 I - a wand of acid (7)
 N - a wand of enslavement (13)
 P - a wand of clouds (9)
Scrolls
 i - 5 scrolls of teleportation
 l - a scroll of amnesia
 r - 2 scrolls of immolation
 s - 2 scrolls of blinking {unknown}
 t - a scroll of magic mapping {unknown}
 v - 8 scrolls of remove curse
 z - 4 scrolls of fog
 B - 3 scrolls of fear {unknown}
 F - 4 scrolls of identify
 M - a scroll of enchant weapon {unknown}
Potions
 g - 2 potions of heal wounds {unknown}
 h - 4 potions of curing
 j - 2 potions of stabbing {unknown}
 k - 2 potions of flight
 m - 3 potions of lignification
 q - a potion of ambrosia {unknown}
 A - a potion of haste
 D - a potion of mutation {unknown}
 E - 2 potions of magic {unknown}
 J - a potion of berserk rage
Comestibles
 f - 18 rations
 o - 2 chunks of flesh


   Skills:
 + Level 9.5 Fighting
 + Level 9.1 Axes
 - Level 6.0 Throwing
 + Level 8.1 Armour
 - Level 4.0 Dodging
 - Level 4.0 Shields
 - Level 6.0 Invocations


You had 10 spell levels left.
You didn't know any spells.
Your spell library contained the following spells:

 Spells                   Type           Power        Failure   Level  Hunger
 Magic Dart               Conj           #...         36%         1    ##.....
 Blink                    Tloc           N/A          50%         2    ###....
 Call Imp                 Summ           #.......     50%         2    ###....
 Slow                     Hex            #.......     50%         2    ###....
 Sublimation of Blood     Necr           #.........   50%         2    ###....
 Conjure Flame            Conj/Fire      #.......     75%         3    ####...
 Ignite Poison            Fire/Tmut/Pois #.......     75%         3    ####...
 Mephitic Cloud           Conj/Pois/Air  #.......     75%         3    ####...
 Petrify                  Tmut/Erth      #.......     98%         4    #####..
 Alistair's Intoxication  Tmut/Pois      #.......     100%        5    ######.
 Irradiate                Conj/Tmut      #.........   100%        5    ######.
 Eringya's Noxious Bog    Tmut/Pois      #.........   100%        6    #######


Dungeon Overview and Level Annotations

Branches:
Dungeon (12/15)            Temple (0/1) D:5            Lair (0/6) D:9
    Orc (0/2) D:10

Altars:
Elyvilon
Fedhas
Hepliaklqana
Kikubaaqudgha
Makhleb
Zin

Shops:
D:8 *((   D:10 [=

Annotations:
D:12 Nessos, Sonja


Innate Abilities, Weirdness & Mutations

((You have large cloven feet.))
((You are mostly covered in slimy green scales. (AC +3)))
You regenerate health from kills.
((You are completely covered in sharp spines.))


Message History

You closely miss the basilisk.
The basilisk is lightly wounded.
Nessos shoots an arrow.
The arrow hits you. The arrow burns you.
The basilisk bites you but does no damage.
You closely miss the basilisk.
The basilisk is lightly wounded.
The basilisk looks more healthy.
Nessos shoots an arrow.
The arrow hits you! The arrow burns you.
Nessos shoots an arrow.
The arrow hits you. The arrow burns you.
You are poisoned.
The basilisk bites you but does no damage.
You hit the basilisk but do no damage.
The basilisk is lightly wounded.
You feel sick.
Nessos shoots an arrow.
The arrow hits you!
* * * LOW HITPOINT WARNING * * *
The arrow burns you!
* * * LOW HITPOINT WARNING * * *
The basilisk gazes at you. You resist with some effort.
Nessos shoots an arrow.
The arrow hits you!!
You die...

...# #.# #.######
..#####.######.# #.#
..l...l.....##.# #.#
######(###.##.####.#
#....(#.......#.# ###+###
#..##.####.##.#.# #.....##
#c†##(#.......#.# )†.#...##
#..##l#.##.#..#.#
.##.##..##.#.c##♣#.#..#..#.######
##...##..#.#.≈##.#.##.#..#.......
.#...#...#.#..##.#....#..########
##...##..+.#..##.######..###.....
.#.^.#...#.#..##........)........
##...##..#.#....c###########.####
.##.##..##.#.##..... ............
...#...##..#.##..###########.####
#.....##......>.....# #.# ##


You could see Nessos (fast) and a basilisk.

Vanquished Creatures
  2 two-headed ogres
  An ugly thing (D:11)
  2 centaur zombies
  A queen bee (D:8)
  Grinder (D:5)
  Prince Ribbit (D:8)
  3 slime creatures (D:10)
  3 hippogriffs
  2 wyverns
  5 yaks (D:11)
  Eustachio (D:5)
  2 hungry ghosts
  Edmund (D:5)
  A water moccasin (D:10)
  An ice beast (D:6)
  5 sky beasts
  A black bear (D:11)
  2 phantoms
  7 orc warriors
  7 ogres
  6 centaurs
  4 bullfrogs
  2 big kobolds (D:7)
  A gnoll sergeant (D:9)
  5 scorpions
  21 killer bees
  3 wights (D:9)
  A howler monkey (D:10)
  2 crimson imps
  3 bullfrog zombies
  2 jellies (D:10)
  6 orc priests
  2 bullfrog skeletons (D:11)
  6 hounds
  2 centaur skeletons (D:6)
  An iguana (D:9)
  7 orc wizards
  11 worker ants
  A hound skeleton (D:11)
  11 gnolls
  13 adders
  4 shadow imps
  An ooze (D:5)
  An adder skeleton (D:8)
  2 worms
  4 dart slugs
  2 leopard geckos
  25 orcs
  6 giant cockroaches
  10 goblins
  4 hobgoblins
  18 jackals
  15 kobolds
  2 quokkas
  7 bats
  7 frilled lizards
  A leopard gecko zombie (D:5)
  4 rats
272 creatures vanquished.

Vanquished Creatures (collateral kills)
  A troll (D:10)
  An orc warrior (D:10)
2 creatures vanquished.

Grand Total: 274 creatures vanquished

Notes
Turn   | Place    | Note
-------+----------+-------------------------------------------
     0 | D:1      | Ayyar the Demonspawn Gladiator began the quest for the Orb.
     0 | D:1      | Reached XP level 1. HP: 16/16 MP: 1/1
   217 | D:1      | Gained mutation: You regenerate a little health from kills.
                  | [demonic ancestry]
   217 | D:1      | Reached XP level 2. HP: 22/22 MP: 2/2
   618 | D:1      | Gained mutation: You are partially covered in sharp spines.
                  | [demonic ancestry]
   618 | D:1      | Reached XP level 3. HP: 25/28 MP: 3/3
  1188 | D:2      | Gained mutation: You are partially covered in slimy green
                  | scales. (AC +2) [demonic ancestry]
  1188 | D:2      | Reached XP level 4. HP: 27/34 MP: 4/4
  1372 | D:2      | Found a burning altar of Makhleb.
  1384 | D:2      | Became a worshipper of Makhleb the Destroyer
  2044 | D:3      | Gained mutation: You have large cloven feet. [demonic
                  | ancestry]
  2044 | D:3      | Reached XP level 5. HP: 37/41 MP: 5/5
  2181 | D:3      | Found a hazy altar of Hepliaklqana.
  2181 | D:3      | Found a blossoming altar of Fedhas.
  2555 | D:4      | Reached skill level 1 in Invocations
  2611 | D:4      | Noticed an ogre
  2620 | D:4      | Killed an ogre
  2620 | D:4      | Reached skill level 1 in Armour
  2620 | D:4      | Gained mutation: You regenerate health from kills. [demonic
                  | ancestry]
  2620 | D:4      | Reached XP level 6. HP: 22/47 MP: 7/7
  2779 | D:4      | Reached * piety under Makhleb
  2835 | D:4      | Found Zin's Purification Station.
  2836 | D:4      | Found a glowing silver altar of Zin.
  2841 | D:4      | Bought a potion of curing for 90 gold pieces
  3202 | D:5      | Entered Level 5 of the Dungeon
  3225 | D:5      | Noticed Eustachio
  3240 | D:5      | Killed Eustachio
  3240 | D:5      | Gained mutation: You are mostly covered in sharp spines.
                  | [demonic ancestry]
  3240 | D:5      | Reached XP level 7. HP: 52/53 MP: 7/9
  3477 | D:5      | Found a staircase to the Ecumenical Temple.
  3668 | D:5      | Noticed Grinder
  3696 | D:5      | Paralysed by Grinder for 6 turns
  3696 | D:5      | Killed Grinder
  3909 | D:5      | Noticed Edmund
  3969 | D:5      | Killed Edmund
  3969 | D:5      | Gained mutation: You are completely covered in sharp
                  | spines. [demonic ancestry]
  3969 | D:5      | Reached XP level 8. HP: 44/61 MP: 11/11
  4381 | D:6      | Reached skill level 5 in Axes
  4424 | D:6      | Reached skill level 5 in Fighting
  4424 | D:6      | Reached skill level 5 in Invocations
  4626 | D:6      | Found an ancient bone altar of Kikubaaqudgha.
  4672 | D:6      | Reached ** piety under Makhleb
  4747 | D:6      | Found a white marble altar of Elyvilon.
  5208 | D:7      | Reached XP level 9. HP: 69/69 MP: 13/13
  5681 | D:7      | Reached skill level 1 in Shields
  5953 | D:7      | Noticed a two-headed ogre
  5970 | D:7      | Killed a two-headed ogre
  5970 | D:7      | Reached skill level 5 in Armour
  6363 | D:8      | Found a white marble altar of Elyvilon.
  6391 | D:8      | Found Uvvic's Antique Weapon Boutique.
  6443 | D:8      | Noticed Prince Ribbit
  6470 | D:8      | Killed Prince Ribbit
  6714 | D:8      | Found Culir's Weapon Shoppe.
  6741 | D:8      | Reached *** piety under Makhleb
  6750 | D:8      | Gained mutation: You are mostly covered in slimy green
                  | scales. (AC +3) [demonic ancestry]
  6750 | D:8      | Reached XP level 10. HP: 79/79 MP: 14/14
  6949 | D:8      | Found Okkezug's General Store.
  7289 | D:9      | Found a staircase to the Lair.
  7469 | D:9      | Reached skill level 5 in Throwing
  7560 | D:9      | Reached **** piety under Makhleb
  7885 | D:10     | Entered Level 10 of the Dungeon
  7990 | D:10     | Found Vighinof's Jewellery Emporium.
  8039 | D:10     | Noticed a two-headed ogre
  8057 | D:10     | Killed a two-headed ogre
  8399 | D:10     | Reached XP level 11. HP: 48/87 MP: 15/15
  8434 | D:10     | Found a staircase to the Orcish Mines.
  8438 | D:10     | Found Qedin's Armour Boutique.
  9651 | D:11     | Noticed a purple ugly thing
  9678 | D:11     | Killed a purple ugly thing
 10138 | D:12     | Noticed Sonja
 10139 | D:12     | Noticed Nessos
 10696 | D:12     | Shot with an arrow by Nessos

Illustrated notes

Levels and vault maps discovered:
D:1:      erik_arrival_orb_chamber, layout_basic
D:2:      layout_rooms, makhleb_heckhound_becter, chequers_serial_rivers_small_3
D:3:      layout_loops_cross, gammafunk_temple_overflow_wave
D:4:      layout_loops_cross, zin_purify, first_ration
D:5:      layout_basic, minmay_temple_entry_sparse_star, uniq_eustachio,
          uniq_grinder, uniq_edmund
D:6:      layout_rooms, lemuel_crystal_altar, marbit_many_paths
D:7:      layout_basic
D:8:      layout_basic, serial_shops, shop, nicolae_shop_statue_plus, shop,
          basic_altar, david_nohive_1, uniq_prince_ribbit1
D:9:      layout_basic, dpeg_oklobed_lair
D:10:     layout_grid_maze, orc_david_3, serial_shops, shop
D:11:     layout_rooms
D:12:     minmay_the_grid_octo_tiled_octocenter_mashed
          [minmay_the_grid_octo_horde, minmay_the_grid_octo_fat_diamond,
          minmay_the_grid_octo_tetromino_candy, minmay_the_grid_octo_chip,
          minmay_the_grid_octo_prize_big_c, minmay_the_grid_square_5x5_shrine1,
          minmay_the_grid_square_5x5_minivault,
          minmay_the_grid_square_5x5_shuriken,
          minmay_the_grid_square_5x5_inner_z], layout_basic, uniq_nessos,
          uniq_jorgrun, uniq_sonja

Skill      XL: |  1  2  3  4  5  6  7  8  9 10 11 |
---------------+----------------------------------+-----
Throwing       | 2 3 4 5 6 |  6.0
Axes           | 3 4 5 7 8 9 |  9.1
Dodging        | 3 4 |  4.0
Fighting       | 3 4 5 7 8 9 |  9.5
Invocations    | 1 2 4 6 |  6.0
Armour         | 1 2 4 5 7 8 |  8.1
Shields        | 3 4 |  4.0

Action                   |  1- 3 |  4- 6 |  7- 9 | 10-12 || total
-------------------------+-------+-------+-------+-------++-------
Melee: War axe           |   110 |    70 |   222 |   331 ||   733
Throw: Javelin           |       |     5 |     6 |       ||    11
       Dart              |       |    21 |    31 |    23 ||    75
       Throwing net      |       |       |     3 |       ||     3
Invok: Lesser Servant of |       |       |       |     3 ||     3
  Use: Scroll            |     2 |     1 |     6 |     5 ||    14
       Potion            |       |       |       |     4 ||     4
  Eat: Chunk             |     1 |     6 |     8 |    12 ||    27
       Ration            |       |       |     1 |     3 ||     4
Armor: Leather armour    |     4 |       |       |       ||     4
       Ring mail         |    34 |       |       |       ||    34
       Chain mail        |    13 |    43 |   133 |   214 ||   403
       Skin              |       |       |       |     8 ||     8
Dodge: Dodged            |    73 |    30 |   117 |   151 ||   371
Block: Buckler           |       |       |    16 |   112 ||   128

Table legend:
 A = Non-vault XP
 B = Vault XP
 C = Vault XP percentage of total XP
 D = Non-vault monster count
 E = Vault monster count
 F = Vault count percentage of total count
                 A         B        C        D         E       F
            +---------+---------+-------+---------+---------+-------
      Total |   13679 |    3078 |  18.4 |     237 |      37 |  13.5
            +---------+---------+-------+---------+---------+-------
        D:1 |      61 |       0 |   0.0 |      33 |       0 |   0.0
        D:2 |      73 |      42 |  36.5 |      19 |       1 |   5.0
        D:3 |      39 |       0 |   0.0 |      13 |       0 |   0.0
        D:4 |     363 |       0 |   0.0 |       8 |       0 |   0.0
        D:5 |     360 |     663 |  64.8 |      17 |       3 |  15.0
        D:6 |     993 |      39 |   3.8 |      26 |       1 |   3.7
        D:7 |    1992 |       0 |   0.0 |      28 |       0 |   0.0
        D:8 |    1169 |    1612 |  58.0 |      19 |      18 |  48.6
        D:9 |    1410 |       0 |   0.0 |      21 |       0 |   0.0
       D:10 |    3216 |     331 |   9.3 |      19 |       6 |  24.0
       D:11 |    3205 |       0 |   0.0 |      28 |       0 |   0.0
       D:12 |     798 |     391 |  32.9 |       6 |       8 |  57.1
            +---------+---------+-------+---------+---------+-------
